Cogmind - Beta 13 @@@ ROGUE MODE // 2024.06.13 @ 13:52:07 Player: celerysam Result: Destroyed by G-47 Trooper with Particle Gun Performance ------------- Evolutions (2) 1000 Regions Visited (4) 800 Robots Destroyed (26) 130 Value Destroyed (913) 913 Prototype IDs (3) 60 Alien Tech Used (0) 0 Bonus (74) 74 TOTAL SCORE: 2977 Bonus ------- Follower Combat Kills 74 Cogmind --------- Core Integrity 0/550 Matter 208/300 Energy 205/265 System Corruption 0% Temperature Warm (199) Movement Rolling (115) Ox1 Location -8/Materials Parts ------- > --- POWER (2) -------- Improved Ion Engine > --- PROPULSION (4) --- Aluminum Leg Compact Wheel > --- UTILITY (3) ------ Medium Storage Unit > --- WEAPON (2) ------- EM Pulse Cannon > --- INVENTORY (10) --- Improved Ion Engine Improved Ion Engine Improved Ion Engine Light Nuclear Core Light Treads Improved Heat Sink Small Storage Unit Hardlight Generator Improved Medium Laser Heavy Assault Rifle Peak State ------------ > --- POWER ------------ Light Ion Engine Heavy Ion Engine > --- PROPULSION ------- Aluminum Leg Aluminum Leg Aluminum Leg Aluminum Leg > --- UTILITY ---------- Large Storage Unit > --- WEAPON ----------- Improved Medium Laser Improved Assault Rifle > --- INVENTORY -------- Improved Ion Engine Improved Ion Engine Improved Ion Engine Improved Ion Engine Aluminum Leg Compact Wheel Compact Wheel Compact Wheel Small Storage Unit Medium Storage Unit Hardlight Generator Spread Laser Spread Laser Particle Cannon Assault Rifle [Rating: 17] Favorites ----------- Power Heavy Ion Engine Engine Heavy Ion Engine Power Core Nuclear Core Propulsion Aluminum Leg Treads Light Treads Leg Aluminum Leg Wheel Compact Wheel Utility Large Storage Unit Device Heat Sink Storage Large Storage Unit Weapon Assault Rifle Energy Gun Spread Laser Energy Cannon EM Pulse Cannon Ballistic Gun Assault Rifle Build | -11 -10 -9 -9 -8 ------- Run | Yrd Mat Mat Min Mat Slots Evolved 4 | . . 2 . 2 Power 1 | . . . . 1 Propulsion 2 | . . 2 . . Utility 1 | . . . . 1 Weapon . | . . . . . Parts Attached 48 | 6 11 10 1 20 Power 9 | 1 2 1 . 5 Engine 8 | 1 2 1 . 4 Core 1 | . . . . 1 Reactor . | . . . . . Propulsion 20 | 2 4 8 1 5 Treads 6 | 2 . 3 . 1 Leg 7 | . . 5 1 1 Wheel 7 | . 4 . . 3 Hover . | . . . . . Flight . | . . . . . Utility 5 | 1 3 . . 1 Device 1 | . 1 . . . Storage 4 | 1 2 . . 1 Processor . | . . . . . Hackware . | . . . . . Protection . | . . . . . Artifact . | . . . . . Weapon 14 | 2 2 1 . 9 Energy Gun 5 | . 1 1 . 3 Energy Cannon 2 | . . . . 2 Ballistic Gun 7 | 2 1 . . 4 Ballistic Cannon . | . . . . . Launcher . | . . . . . Special Weapon . | . . . . . Impact Weapon . | . . . . . Slashing Weapon . | . . . . . Piercing Weapon . | . . . . . Special Melee Weapon . | . . . . . Unidentified Prototypes 3 | . . 2 . 1 Parts Lost 27 | . 6 2 . 19 Power 7 | . 2 . . 5 Propulsion 10 | . 2 1 . 7 Utility 1 | . . 1 . . Weapon 9 | . 2 . . 7 Highest Loss Streak 13 | . 5 2 . 13 To Critical Strikes 1 | . . . . 1 Average Slot Usage (%) 77 | . 79 94 88 55 Engine 10 | . 9 11 11 10 Treads 9 | . 6 22 . 2 Leg 10 | . . 9 44 16 Wheel 10 | . 20 11 . 2 Device 3 | . 5 7 . . Storage 11 | . 14 11 11 9 Energy Gun 9 | . 2 18 22 6 Ballistic Gun 9 | . 19 3 . 6 Naked Turns . | . . . . . Heaviest Build 40 | 12 33 35 34 40 Greatest Support 60 | 40 40 60 40 40 Greatest Overweight (x) 7 | . 1 1 . 7 Average Overweight (x) . | . . . . . Largest Inventory Capacity 15 | 8 15 15 15 15 Average Capacity 12 | 7 10 15 15 13 Most Carried 15 | 6 12 15 15 15 Average Carried 10 | 2 8 12 15 12 Final Capacity 15 | 8 15 15 15 10 Final Carried 15 | 6 11 15 15 10 Class Distribution -------------------- 74% | Mutant 25% | Scavenger-Mutant Dominant Class ---------------- Mutant | -10/Materials Mutant | -9/Materials Scavenger-Mutant | -9/Mines Mutant | -8/Materials Resources | -11 -10 -9 -9 -8 ----------- Run | Yrd Mat Mat Min Mat Matter Collected 767 | 260 245 145 10 107 Remotely . | . . . . . Salvage Created 941 | . 345 208 . 388 Parts 52 | . 18 11 . 23 Haulers Intercepted . | . . . . . Recyclers Shooed 1 | . . 1 . . Parts Field Recycled . | . . . . . Retrieved Matter . | . . . . . Parts Self-Destructed . | . . . . . Prevented . | . . . . . Kills | -11 -10 -9 -9 -8 ------- Run | Yrd Mat Mat Min Mat Combat Hostiles Destroyed 26 | . 12 5 . 9 Guns 25 | . 12 5 . 8 Cannons 1 | . . . . 1 Classes Destroyed 4 | . 2 . . 2 Swarmer 6 | . 5 . . 1 Grunt 15 | . 7 5 . 3 Sentry 3 | . . . . 3 Hunter 2 | . . . . 2 Best Kill Streak 5 | . 5 5 . 3 Combat Bots Only 5 | . 5 5 . 3 Max Kills in Single Turn 2 | . 1 2 . 1 Gunslinging 1 | . . 1 . . Exploded . | . . . . . Melee . | . . . . . Uniques/NPCs Destroyed . | . . . . . Combat | -11 -10 -9 -9 -8 -------- Run | Yrd Mat Mat Min Mat Hostile Shots Fired 358 | . 92 47 . 219 Missed 79 | . 27 8 . 44 Damage Taken 3565 | . 669 478 13 2405 Core 795 | . 161 73 . 561 Absorbed by Shields . | . . . . . Core Remaining (%) 72 | 100 35 . 81 . Volleys Fired 98 | . 39 10 2 47 Largest 2 | . 2 2 2 2 Hottest 133 | . 85 121 121 133 Shots Fired 158 | . 63 20 4 71 Gun 149 | . 63 20 4 62 Cannon 9 | . . . . 9 Launcher . | . . . . . Special . | . . . . . Kinetic 85 | . 56 . . 29 Thermal 67 | . 7 20 4 36 Explosive . | . . . . . Electromagnetic 6 | . . . . 6 Robot Hit Streak 9 | . 7 9 5 8 Robot Miss Streak 6 | . 5 6 5 6 Penetration Max 1 | . . . . 1 Secondary Targets 6 | . 3 2 . 1 Max Gunslinging Chain 1 | . 1 1 . 1 Shots Hit Robots 106 | . 40 16 2 48 Core Hits 79 | . 25 23 1 30 Critical Kills 1 | . 1 . . . Critical Parts Destroyed . | . . . . . Critical Strikes 3 | . 1 2 . . Burn 2 | . . 2 . . Destroy 1 | . 1 . . . Melee Attacks . | . . . . . Impact . | . . . . . Slashing . | . . . . . Piercing . | . . . . . Sneak Attacks . | . . . . . Combat Hostiles . | . . . . . Follow-up Attacks . | . . . . . Damage Inflicted 1587 | . 525 316 21 725 Guns 1511 | . 525 316 21 649 Cannons 76 | . . . . 76 Explosions . | . . . . . Melee . | . . . . . Ramming . | . . . . . Kinetic 766 | . 438 . . 328 Thermal 745 | . 87 316 21 321 Explosive . | . . . . . Electromagnetic 76 | . . . . 76 Impact . | . . . . . Slashing . | . . . . . Piercing . | . . . . . Highest Corruption . | . . . . . Average Corruption . | . . . . . Corruption Purged . | . . . . . Corruption Blocked . | . . . . . Overload Shots . | . . . . . Overflow Damage . | . . . . . Projectiles . | . . . . . Explosions . | . . . . . Melee . | . . . . . Knockbacks . | . . . . . Impact . | . . . . . Kinetic . | . . . . . Secondary . | . . . . . Self-Inflicted Damage . | . . . . . Shots . | . . . . . Rammed . | . . . . . Targets Rammed . | . . . . . Kicked . | . . . . . Crushed . | . . . . . Highest Temperature 522 | . 9 522 108 461 Average Temperature 162 | . 6 235 58 158 Received Heat Transfer 1479 | . 237 279 9 954 Effects 5 | . . 3 . 2 Shutdowns 1 | . . 1 . . Energy Bleed 1 | . . 1 . . Matter Decay 1 | . . 1 . . Damage (minor) 1 | . . . . 1 Damage (major) 1 | . . . . 1 Siege Activations . | . . . . . Robots Corrupted . | . . . . . Combat Hostiles . | . . . . . Parts Fried . | . . . . . Impact Corruptions . | . . . . . Robots Melted . | . . . . . Combat Hostiles . | . . . . . Parts Melted 6 | . . 4 . 2 Heat Transferred 1364 | . 115 686 25 538 Parts Sabotaged . | . . . . . Parts Stolen . | . . . . . Parts Stripped . | . . . . . Power Chain Reactions . | . . . . . Alert | -11 -10 -9 -9 -8 ------- Run | Yrd Mat Mat Min Mat Peak Influence 266 | . 266 172 137 221 Initial 66 | . . 27 66 53 Average 101 | . 116 74 102 135 Maximum Alert Level 1 | . 1 . . 1 Low Security (%) 91 | 100 85 100 100 87 Level 1 8 | . 14 . . 12 Level 2 . | . . . . . Level 3 . | . . . . . Level 4 . | . . . . . Level 5 . | . . . . . High Security . | . . . . . Max Security . | . . . . . Squads Dispatched 4 | . 2 . . 2 Investigation 1 | . 1 . . . Extermination . | . . . . . Reinforcement 3 | . 1 . . 2 Assault . | . . . . . Garrison . | . . . . . Intercept . | . . . . . Searches Triggered . | . . . . . Construction Impeded . | . . . . . Haulers Reinforced . | . . . . . Active Scanning Responses . | . . . . . Cargo Convoy Interrupts . | . . . . . Stealth | -11 -10 -9 -9 -8 --------- Run | Yrd Mat Mat Min Mat Distress Signals 6 | . 3 1 . 2 Communications Jammed . | . . . . . Distress Signals . | . . . . . Times Spotted 50 | . 17 11 1 21 Peak Tracking Total 10 | . 10 8 1 7 Tactical Retreats 1 | . 1 . . . Traps | -11 -10 -9 -9 -8 ------- Run | Yrd Mat Mat Min Mat Traps Triggered 1 | . 1 . . . Indirectly . | . . . . . Trap Hack Attempts . | . . . . . Triggered . | . . . . . Disarmed . | . . . . . Reprogrammed . | . . . . . Reused . | . . . . . Traps Extracted . | . . . . . Installed . | . . . . . Triggered . | . . . . . Machines | -11 -10 -9 -9 -8 ---------- Run | Yrd Mat Mat Min Mat Machines Disabled 2 | . . . 1 1 Max in Single Turn 1 | . . . 1 1 Machines Repaired . | . . . . . Machines Dismantled . | . . . . . Machines Sabotaged . | . . . . . Overloaded Fab Kills . | . . . . . Hacking | -11 -10 -9 -9 -8 --------- Run | Yrd Mat Mat Min Mat Machines Accessed 3 | . 2 . . 1 Terminals 3 | . 2 . . 1 Fabricators . | . . . . . Repair Stations . | . . . . . Recycling Units . | . . . . . Scanalyzers . | . . . . . Garrison Access . | . . . . . Total Hacks 5 | . 4 . . 1 Successful 2 | . 1 . . 1 Failed 3 | . 3 . . . Catastrophic . | . . . . . Database Lockouts . | . . . . . Manual . | . . . . . Terminals 5 | . 4 . . 1 Fabricators . | . . . . . Repair Stations . | . . . . . Recycling Units . | . . . . . Scanalyzers . | . . . . . Garrison Access . | . . . . . Terminal Hacks 2 | . 1 . . 1 Alert Level 2 | . 1 . . 1 Fabricator Hacks . | . . . . . Repair Station Hacks . | . . . . . Recycling Unit Hacks . | . . . . . Scanalyzer . | . . . . . Garrison Access Hacks . | . . . . . Unauthorized Hacks . | . . . . . Terminals . | . . . . . Fabricators . | . . . . . Repair Stations . | . . . . . Recycling Units . | . . . . . Scanalyzers . | . . . . . Garrison Access . | . . . . . Data Cores Recovered . | . . . . . Used . | . . . . . Hacking Detections 1 | . 1 . . . Full Trace Events . | . . . . . Feedback Events . | . . . . . Feedback Blocked . | . . . . . Robot Schematics Acquired . | . . . . . Robots Built . | . . . . . Authchips . | . . . . . Time . | . . . . . Total Robot Build Rating . | . . . . . Part Schematics Acquired . | . . . . . Parts Built . | . . . . . Authchips . | . . . . . Time . | . . . . . Total Part Build Rating . | . . . . . Parts Repaired . | . . . . . Time . | . . . . . Parts Recycled . | . . . . . Recycled Matter . | . . . . . Retrieved Matter . | . . . . . Retrieved Components . | . . . . . Parts Scanalyzed . | . . . . . Part Schematics Acquired . | . . . . . Parts Damaged . | . . . . . Bothacking | -11 -10 -9 -9 -8 ------------ Run | Yrd Mat Mat Min Mat Used RIF Installer . | . . . . . Robots Hacked . | . . . . . Non-combat . | . . . . . Combat . | . . . . . Robot Hacks Applied . | . . . . . Relay Couplers Released . | . . . . . Fabnet Peak Effective % . | . . . . . Robots Rewired . | . . . . . Allies Hacked . | . . . . . Hacks Repelled . | . . . . . Allies | -11 -10 -9 -9 -8 -------- Run | Yrd Mat Mat Min Mat Total Allies 2 | . . . 2 . Largest Group 2 | . . . 2 2 Highest-Rated Group 47 | . . . 47 47 Highest-Rated Ally 31 | . . . 31 31 Total Orders . | . . . . . Ally Attacks 19 | . . . 10 9 Total Damage 315 | . . . 147 168 Kills 4 | . . . 2 2 Allies Corrupted . | . . . . . Allies Melted . | . . . . . Intel | -11 -10 -9 -9 -8 ------- Run | Yrd Mat Mat Min Mat Robot Analysis Total . | . . . . . Derelict Logs Recovered 1 | . . . 1 . Drone Launches . | . . . . . Drone Recoveries . | . . . . . Exploration | -11 -10 -9 -9 -8 ------------- Run | Yrd Mat Mat Min Mat Turns Passed 1204 | 88 404 287 101 324 Spaces Moved 600 | 46 202 171 60 121 Core 8 | 4 . . . 4 Treads 174 | 42 46 76 . 10 Legs 171 | . . 43 60 68 Wheels 247 | . 156 52 . 39 Hover . | . . . . . Flight . | . . . . . Fastest Speed 50 | 50 100 115 120 115 Average Speed 130 | 150 116 137 120 139 Slowest Speed 400 | 160 160 190 120 400 Overloaded Moves . | . . . . . Propulsion Burnouts . | . . . . . Robots Hopped . | . . . . . Cave-ins Triggered . | . . . . . Exploration Rate (%) 23 | 4 51 24 23 17 Regions Visited 4 Branch Regions 1 Pre-discovered Areas 1 | . . . 1 . Known Exits Taken . | . . . . . Unknown Exits Taken 4 | 1 1 1 1 . Scrap Searched . | . . . . . Spaces Dug . | . . . . . Terrain Destroyed . | . . . . . Melee . | . . . . . Projectile . | . . . . . AOE . | . . . . . Terrain Rammed . | . . . . . Walls Destroyed . | . . . . . Machines Disabled . | . . . . . Actions | -11 -10 -9 -9 -8 --------- Run | Yrd Mat Mat Min Mat Total 862 | 65 305 202 85 205 Wait 64 | 2 37 . 22 3 Move 596 | 45 201 170 59 121 Hop . | . . . . . Pick Up 45 | 12 14 7 . 12 Fast Attach 4 | . 1 2 . 1 Attach 33 | 6 6 5 . 16 Detach 2 | . . 2 . . Swap 11 | . 4 3 1 3 Drop 9 | . 3 3 1 2 Fire 98 | . 39 10 2 47 Melee . | . . . . . Ram . | . . . . . Kick . | . . . . . Crush . | . . . . . Escape Stasis . | . . . . . Rewire . | . . . . . Trap . | . . . . . Miscellaneous . | . . . . . Route ------- -11/Scrapyard -10/Materials -9/Materials -9/Mines -8/Materials History --------- Turn | Location | Event 11 | -11/Scrapyard | Discovered new exit (range 16) 89 | -11/Scrapyard | Entered Materials 299 | -10/Materials | Core integrity fell below 50% 311 | -10/Materials | Build established: Mutant 333 | -10/Materials | Lost 5 parts (1p2n2w) 480 | -10/Materials | Discovered new exit (range 6) 493 | -10/Materials | Entered another Materials area 493 | -9/Materials | Evolved 2 slots: Propulsion x2 746 | -9/Materials | Discovered new exit (range 11) 780 | -9/Materials | Entered Mines 808 | -9/Mines | Learned location of Zion (-7) 837 | -9/Mines | Discovered new exit (range 10) 881 | -9/Mines | Entered Materials 881 | -8/Materials | Accompanied by 2 allies 881 | -8/Materials | Evolved 2 slots: Power x1, Utility x1 886 | -8/Materials | Led the pair of lost Derelicts to an unsafe place 1009 | -8/Materials | Lost 3 parts (2p1n) 1054 | -8/Materials | Core integrity fell below 50% 1106 | -8/Materials | Core integrity fell below 20% 1110 | -8/Materials | Lost 13 parts (2p5n6w) 1205 | -8/Materials | Destroyed by G-47 Trooper with Particle Gun Last Messages --------------- 01165_ Acquired EM Pulse Cannon. 01165_ Critical hit (Burn: +37). 01166_ Slug penetrates Y-45 Defender. 01166_ Y-45 Defender destroyed. 01171_ Acquired Lgt. Treads. 01172_ Lgt. Treads destroyed. 01172_ Slug penetrates G-47 Trooper. 01175_ Slug penetrates Wall. 01179_ Acquired Imp. Ion Engine. 01185_ Slug penetrates Wall. 01191_ Slug penetrates G-47 Trooper. 01196_ R-06 Scavenger collects Beam Rifle. 01199_ R-06 Scavenger collects Heat Sink. 01199_ Y-45 Defender destroyed. 01199_ Slug penetrates Wall. 01199_ R-06 Scavenger collects Lgt. Armor Plating. 01199_ Gauss Rifle destroyed. 01202_ R-06 Scavenger collects Corrupted Hvy. Assault Rifle. 01202_ Imp. Ion Engine destroyed. 01202_ R-06 Scavenger collects Lgt. Treads. Map ----- +----------------------------------------------------+ | ?????????????# #?????# # """ #?? | | ?????????????# #### ###/####### # """ #?? | | ?????????????# ???##?# %% !%# # #?? | | ?????????????#???????# % [#! # ???? | | ?????????????????????# % # ###+###### | | ?????????????????????# # | | ?????????????????????# + | | ?????????????????????# # | | ?????????????????????# # ########## | | ?????????????????????# # #????????? | | ?????????????????????# # #????????? | | ????????????####/############## #????????? | | ???????????? #????????? | | ???????????? #????????? | | ???????????? #????????? | | ?????????????????####### ###### #????????? | | ???????????????????????# #????# #????????? | | ???????????????????????# #????? #????????? | | ???????????????????????# #????? #????????? | | ???????????????????????# #????? #????????? | | ???????????????????????# #????? #????????? | | ??????????????????????## ##???? #????????? | | ????????#+############# g #???? #????????? | | ???? # [gg ! #???? ?????????? | | ???? r rr% #??????????????? | | ????????# k @ [ #??????????????? | | ????????####+########## #??????????????? | | ??????????????????????#######??????????????? | | ???????????????????????????????????????????? | | ???????????????????????????????????????????? | | ???????????????????????????????????????????? | | ???????????????????????????????????????????? | | ???????????????????????????????????????????? | | ???????????????????????????????????????????? | | ???????????????????????????????????????????? | | ???????????????????????????????????????????? | | ???????????????????????????????????????????? | | ???????????????????????????????????????????? | | ???????????????????????????????????????????? | | ???????????????????????????????????????????? | | ???????????????????????????????????????????? | | ???????????????????????????????????????????? | | ???????????????????????????????????????????? | | ???????????????????????????????????????????? | | ???????????????????????????????????????????? | | ???????????????????????????????????????????? | | ???????????????????????????????????????????? | | ???????????????????????????????????????????? | | ???????????????????????????????????????????? | | ???????????????????????????????????????????? | +----------------------------------------------------+ Best States ------------- Heat Dissipation 38 Energy Generation 21 Energy Capacity 430 Matter Stores 300 Matter Capacity 300 Sight Range 16 Terrain Scan Density 10 Evasion (%) 55 Recoil Reduction 3 Item Schematics ----------------- None Robot Schematics ------------------ None Fabricated ------------ Nothing Alien Tech Used ----------------- None Achievements -------------- None Challenges ------------ None Game ------ Seed ArmageddonDeliveryAutobeam Manual? 0 Play Time 00:19:16 Cumulative 43.2 hours Start 2024.06.13 @ 13:16:20 End 2024.06.13 @ 13:52:07 Sessions 1 Manual Loads 0 Difficulty Rogue Special Mode None Game No. 67 Rogue 67 Adventurer 0 Explorer 0 Win Type - Total 0 Types 0/0/0/0/0/0/0/0/0 Lore% 22 Gallery% 36 Achievement% 25 Wizard Run 0 Options --------- Layout 0 ASCII 0 Keyboard 0 Movement Mouse Keybinds 0 Fullscreen 1 Font 24/Smallcaps Map View 76x50 Zoom Use 0% Tactical HUD 1 Map Filters NONE Filters NONE Steam 1 RUN: 8767c75b-947b-45be-ae2b-a0385de77113